AoeStats
← 勇闯天涯

Hideout

509712839Analyzed
1v1 RM · 4d ago on Sep 27, 2026· 44m 23s· 2 players
Game mode
Random Map
Map size
Tiny (2 player)
Population
200
Speed
Normal
Resources
Standard
Victory
Conquest
Starting age
Dark Age
Ending age
Imperial Age
RankedLock teamsTeams togetherTeam positionsShared explorationLock speedFull tech treeHidden civsTurbo modeCheats
Victory
Defeat
🇨🇳 Britons · China
941
+17
🇺🇸 Danes · United States
965
-17
勇闯天涯
9:43 Feudal Age
10:36 Double-Bit Axe
10:35 Horse Collar
18:36 Castle Age
16:48 Gold Mining
21:32 Wheelbarrow
22:11 Bow Saw
22:42 Stone Mining
25:04 Gold Shaft Mining
26:25 Hand Cart
31:51 Imperial Age
29:09 Loom
29:49 Husbandry
29:11 Light Cavalry
30:02 Scale Barding Armor
30:08 Forging
30:06 Fletching
30:17 Padded Archer Armor
30:53 Heavy Plow
30:46 Town Watch
33:46 Two-Man Saw
33:32 Conscription
32:41 Cavalier
34:14 Chain Barding Armor
34:30 Iron Casting
33:52 Bodkin Arrow
33:48 Treadmill Crane
35:52 Plate Barding Armor
36:22 Leather Archer Armor
37:40 Blast Furnace
38:07 Chemistry
37:27 Ballistics
37:38 Bracer
43:09 Crossbowman
44:35 Ring Archer Armor
44:09 Arbalester
thdrury
7:48 Loom
8:30 Loom
10:49 Feudal Age
12:43 Double-Bit Axe
18:27 Castle Age
20:37 Scale Mail Armor
20:48 Forging
20:47 Gold Mining
22:44 Wheelbarrow
24:43 Chain Mail Armor
32:08 Imperial Age
30:07 Hamask
31:37 Bow Saw
32:55 Onager
36:31 Iron Casting
39:10 Elite Jomsviking
Connection lost

Rejoining the realm…

Still unreachable

The connection could not be restored.

Session expired

The server has moved on; the page needs a fresh start.